 Dungeon Crawl Stone Soup version 0.22-a0-282-gdd34a7d (webtiles) character file.

384 Amnesiac the Conjurer (level 6, 0/35 HPs)
             Began as a Tengu Wizard on Mar 17, 2018.
             Was an Initiate of Sif Muna.
             Slain by a thrashing horror (2 damage)
             ... on level 1 of the Abyss.
             The game lasted 00:06:40 (4608 turns).

Amnesiac the Conjurer (Tengu Wizard)                Turns: 4608, Time: 00:06:40

Health: 0/35       AC:  5    Str:  8    XL:     6   Next: 77%
Magic:  4/12       EV: 15    Int: 20    God:    Sif Muna [......]
Gold:   141        SH:  0    Dex: 12    Spells: 1/12 levels left

rFire    . . .     SeeInvis .   u - +2 short sword (venom)
rCold    . . .     Gourm    .   (no shield)
rNeg     . . .     Faith    .   a - +0 robe
rPois    +         Spirit   .   b - +0 hat
rElec    .         Reflect  .   (no cloak)
rCorr    .         Harm     .   p - +2 pair of gloves
MR       .....                  (boots unavailable)
Stlth    ++........             (no amulet)
HPRegen  0.11/turn              q - ring of poison resistance
MPRegen  0.13/turn              (no ring)

@: about to teleport, flying quickly and evasively, very slightly contaminated,
quick
A: beak, talons 3, able to fly 1
a: Renounce Religion


You were on level 1 of the Abyss.
You worshipped Sif Muna.
Sif Muna was noncommittal.
You were hungry.

You visited 1 branch of the dungeon, and saw 5 of its levels.
You visited the Abyss 1 time.
You also visited: Sewer.

You collected 141 gold pieces.

Inventory:

Hand Weapons
 t - a +0 blowgun
 u - a +2 short sword of venom (weapon)
Armour
 a - a +0 robe (worn)
 b - a +0 hat (worn)
 c - a +0 shield
 p - a +2 pair of gloves (worn)
Jewellery
 q - a ring of poison resistance (left hand)
Wands
 r - a wand of polymorph (13)
Scrolls
 g - 6 scrolls of remove curse {!r}
 j - 2 scrolls of identify {!r, unknown}
 k - a scroll of enchant weapon {!r, unknown}
 l - a scroll of fear {!r, unknown}
 m - a scroll of amnesia {!r, unknown}
 o - 2 scrolls of teleportation {!r}
 v - a scroll of random uselessness {!r, unknown}
 w - a scroll of blinking {!r, unknown}
 x - a scroll of fog {!r, unknown}
Potions
 e - a potion of resistance {!q, unknown}
 f - 2 potions of lignification {!q, unknown}
 h - 2 potions of brilliance {!q, unknown}
 n - 2 potions of mutation {!q, unknown}
 s - 2 potions of curing {!q}
 z - a potion of heal wounds {!q, unknown}
Comestibles
 d - 11 rations


   Skills:
 - Level 1.8 Fighting
 - Level 2.1 Dodging
 - Level 2.0 Stealth
 - Level 2.1 Shields
 + Level 3.5 Spellcasting
 * Level 7.2 Conjurations
 - Level 1.2 Summonings
 - Level 0.7 Translocations


You had one spell level left.
You knew the following spells:

 Your Spells              Type           Power        Failure   Level  Hunger
a - Magic Dart            Conj           ####         1%          1    None
b - Call Imp              Summ           #.......     12%         2    ##.....
e - Mephitic Cloud        Conj/Pois/Air  ##......     16%         3    ###....
s - Conjure Flame         Conj/Fire      ###.....     9%          3    ###....
v - Blink                 Tloc           N/A          16%         2    ##.....


Dungeon Overview and Level Annotations

Branches:
Dungeon (5/15)
 Temple: D:4-7

Altars:
Ashenzari
Hepliaklqana
Nemelex Xobeh
Ru
Sif Muna
Trog
Zin
The Shining One

Annotations:
D:5 Prince Ribbit


Innate Abilities, Weirdness & Mutations

You have a beak for a mouth.
You have claws for feet.
You can fly.


Message History

Your +2 short sword of venom begins to drip with poison!
u - a +2 short sword of venom (weapon)
You are cast into the Abyss!
To return, you must find a gate leading back.
Killing monsters will force the Abyss to allow you passage.
This branch contains the abyssal rune of Zot.
Unknown command.
Unknown command.
Unknown command.
Drop what? 25/52 slots (_ for help) (? for menu, Esc to quit)
You drop a +3 dagger of distortion.
Found a gateway leading deeper into the Abyss.
There is a gateway leading deeper into the Abyss here.
Found a leather armour.
Okay, then.
A large abomination comes into view.
Casting: Mephitic Cloud (safe; 16% risk of failure)
Confirm with . or Enter, or press ? or * to list all spells.
Aiming: Conjure Flame (safe; 9% risk of failure)
Press: ? - help, Dir - move target cursor You miscast Conjure Flame.
You are very lightly contaminated with residual magic.
Nothing appears to happen.
You are feeling hungry.
The blink frog croaks.
You swoop lightly up into the air.
You feel very comfortable in the air.
You feel somewhat more hungry. The blink frog misses you.
Casting: Conjure Flame (safe; 9% risk of failure)
Confirm with . or Enter, or press ? or * to list all spells.
Aiming: Mephitic Cloud (safe; 16% risk of failure)
Press: ? - help, Shift-Dir - straight line, f - blink frog
Aim: a blink frog The ball explodes into a vile cloud!
The stinking cloud engulfs the blink frog.
The stinking cloud engulfs you!
You hear a roar!
The blink frog is engulfed in noxious fumes.
The blink frog hits you but does no damage.
The blink frog is engulfed in noxious fumes.
The blink frog appears confused.
The blink frog is engulfed in noxious fumes.
The blink frog appears confused.
A thrashing horror comes into view.
The thrashing horror tramples you!
You hold your ground!
The thrashing horror tramples you.
* * * LOW HITPOINT WARNING * * *
You hold your ground!
Really read
o - 3 scrolls labeled AJEMAN AHOFAUT {!r}?
As you read the scroll labeled AJEMAN AHOFAUT {!r}, it crumbles to dust.
You feel strangely unstable.
You feel the power of the Abyss delaying your translocation!
It was a scroll of teleportation {!r}.
The thrashing horror roars!
The thrashing horror tramples you.
* * * LOW HITPOINT WARNING * * *
You hold your ground!
The thrashing horror tramples you!
* * * LOW HITPOINT WARNING * * *
You hold your ground!
Really quaff
s - 3 viscous inky potions {!q}?
It was a potion of curing {!q}.
You feel better. The thrashing horror tramples you!
* * * LOW HITPOINT WARNING * * *
You hold your ground!
The thrashing horror tramples you.
You die...

##..#.# .#. ..#
..#..# .#
#.##### ### .#
##..#... ..#
###..####.#.# #
#.#.. ##..#
.#.#X##. ..#.#
#..#@###..#.#.#
##.#.#.#..F##.
...#..###...#
##. .... ##
.#..# .. #.#. .
..# # ## ## ..#
..


You could see a thrashing horror.

Vanquished Creatures
  A crocodile (Sewer)
  An orc wizard (D:4)
  An orc priest (D:4)
  An iguana (D:4)
  Robin (D:2)
  A gnoll (D:1)
  5 adders
  3 worms
  4 dart slugs
  6 leopard geckos
  4 orcs
  6 bats
  11 giant cockroaches
  13 goblins
  8 hobgoblins
  11 jackals
  A ball python (D:1)
  5 frilled lizards
  12 kobolds
  9 rats
104 creatures vanquished.

Vanquished Creatures (others)
  A hound (D:4)
  A goblin (D:2)
  A hobgoblin (D:2)
  2 kobolds (D:3)
5 creatures vanquished.

Grand Total: 109 creatures vanquished

Notes
Turn   | Place    | Note
-------+----------+-------------------------------------------
     0 | D:1      | Amnesiac the Tengu Wizard began the quest for the Orb.
     0 | D:1      | Reached XP level 1. HP: 10/10 MP: 5/5
   109 | D:1      | Reached skill level 1 in Fighting
   208 | D:1      | Reached XP level 2. HP: 16/16 MP: 0/7
   342 | D:1      | Learned a level 2 spell: Call Imp
   376 | D:1      | Reached skill level 2 in Conjurations
   539 | D:1      | Reached XP level 3. HP: 19/21 MP: 6/8
   544 | D:1      | Learned a level 3 spell: Mephitic Cloud
   625 | D:1      | Reached skill level 3 in Conjurations
  1333 | D:2      | Reached skill level 4 in Conjurations
  1340 | D:2      | Reached XP level 4. HP: 15/26 MP: 3/9
  1567 | D:2      | Found a glowing golden altar of the Shining One.
  1699 | D:2      | Found a hazy altar of Hepliaklqana.
  1777 | D:2      | Noticed Robin
  1783 | D:2      | Killed Robin
  1783 | D:2      | Reached skill level 5 in Conjurations
  1964 | D:2      | Reached skill level 1 in Shields
  2043 | D:2      | Gained mutation: You can fly. [Tengu growth]
  2043 | D:2      | Reached XP level 5. HP: 28/30 MP: 10/10
  2248 | D:3      | Found a glowing silver altar of Zin.
  2322 | D:3      | Found a sacrificial altar of Ru.
  3001 | D:3      | Found a bloodstained altar of Trog.
  3055 | D:3      | Found a deep blue altar of Sif Muna.
  3174 | D:3      | Became a worshipper of Sif Muna the Loreminder
  3395 | D:4      | Found a sparkling altar of Nemelex Xobeh.
  3488 | D:4      | Reached skill level 6 in Conjurations
  3488 | D:4      | Reached XP level 6. HP: 15/35 MP: 6/11
  3601 | D:4      | Found a glowing drain.
  3605 | Sewer    | Entered a sewer
  4008 | D:4      | Learned a level 3 spell: Conjure Flame
  4011 | D:4      | Learned a level 2 spell: Blink
  4077 | D:4      | Reached skill level 7 in Conjurations
  4311 | D:4      | Found a shattered altar of Ashenzari.
  4453 | D:5      | Entered Level 5 of the Dungeon
  4453 | D:5      | Noticed Prince Ribbit
  4556 | D:4      | Cast into level 1 of the Abyss (a distortion unwield)
  4593 | Abyss:1  | Noticed a blink frog
  4594 | Abyss:1  | Noticed a large abomination
  4602 | Abyss:1  | Noticed a thrashing horror
  4608 | Abyss:1  | Slain by a thrashing horror

Vault maps used:
D:1:      lightli_arrival_statue_moat, minmay_crystal_water
D:2:      lemuel_crystal_altar, nicolae_overflow_crystal_walls, uniq_robin
D:3:      lightli_temple_of_fire, zin_statuary, lemuel_blue_sif_altar,
          first_ration, minmay_misc_feat_doors, nicolae_ru_awakened_eye
D:4:      lemuel_coloured_pillars_altar, nemelex_xobeh_ov_fountains_minmay,
          gup_sewer_entry_spiral
D:5:      serial_shops, nicolae_shop_crystal, uniq_prince_ribbit1, uniq_menkaure
Sewer:    sewer_the_crocodile

Skill      XL: |  1  2  3  4  5  6 |
---------------+-------------------+-----
Fighting       | 1 |  1.8
Conjurations   | 2 4 5 6 7 |  7.2
Shields        | 1 2 |  2.1
Dodging        | |  2.1
Stealth        | |  2.0
Spellcasting   | |  3.5
Summonings     | |  1.2
Translocations | |  0.7

Action                   |  1- 3 |  4- 6 || total
-------------------------+-------+-------++-------
Melee: Unarmed           |    19 |       ||    19
       Kick              |     4 |    17 ||    21
       Dagger            |    14 |   147 ||   161
       Peck              |       |    13 ||    13
 Cast: Magic Dart        |    85 |    25 ||   110
       Mephitic Cloud    |       |     4 ||     4
 Abil: Fly               |       |     6 ||     6
  Use: Scroll            |     1 |     1 ||     2
       Potion            |       |     1 ||     1
 Stab: Sleeping          |       |     5 ||     5
       Confused          |       |     1 ||     1
  Eat: Chunk             |     1 |    11 ||    12
Armor: Robe              |    24 |    20 ||    44
Dodge: Dodged            |    40 |    73 ||   113

Table legend:
 A = Spawn XP
 B = Non-spawn XP
 C = Spawn XP percentage of total XP
 D = Spawn monster count
 E = Non-spawn monster count
 F = Spawn count percentage of total count
 G = Total turns spent on level
                    A         B        C        D         E        F      G
               +---------+---------+-------+---------+---------+-------+---------
         Total |       0 |     549 |   0.0 |       0 |     109 |   0.0 |  4608
               +---------+---------+-------+---------+---------+-------+---------
           D:1 |       0 |      63 |   0.0 |       0 |      31 |   0.0 |  1261
           D:2 |       0 |     110 |   0.0 |       0 |      36 |   0.0 |   955
           D:3 |       0 |      44 |   0.0 |       0 |      18 |   0.0 |  1007
           D:4 |       0 |     216 |   0.0 |       0 |      18 |   0.0 |   931
         Sewer |       0 |     116 |   0.0 |       0 |       6 |   0.0 |   398
               +---------+---------+-------+---------+---------+-------+---------
